 Dungeon Crawl Stone Soup version 0.27-a0-1532-gca18f49f40 (webtiles) character file.

Game seed: 6359893554892729759

79 elagabalus the Cutter (level 4, -1/26 HPs)
             Began as a Kobold Gladiator on July 13, 2021.
             Killed from afar by Natasha (9 damage)
             ... with a magic dart
             ... on level 2 of the Dungeon.
             The game lasted 00:10:03 (1136 turns).

elagabalus the Cutter (Kobold Gladiator)            Turns: 1136, Time: 00:10:03

Health: -1/26      AC:  5    Str: 11    XL:     4   Next: 62%
Magic:  4/4        EV: 15    Int:  9    God:
Gold:   76         SH:  0    Dex: 17    Spells: 3/3 levels left

rFire    . . .     SeeInvis .   i - +1 short sword (venom)
rCold    . . .     Faith    .   (shield restricted)
rNeg     . . .     Spirit   .   b - +0 leather armour
rPois    .         Reflect  .   c - +0 helmet
rElec    .         Harm     .   (no cloak)
rCorr    .         Rampage  .   (no gloves)
Will     .....                  h - +0 pair of boots
Stlth    ++........             (no amulet)
HPRegen  0.08/turn              (no ring)
MPRegen  0.09/turn              (no ring)

@: slowed, very slow
A: small, no large weapons, nightstalker 3
a: no special abilities


You were on level 2 of the Dungeon.
You visited 1 branch of the dungeon, and saw 2 of its levels.

You collected 76 gold pieces.

Inventory:

Hand Weapons
 a - a +0 rapier
 i - a +1 short sword of venom (weapon)
 j - a +0 hunting sling
Missiles
 d - 3 throwing nets (quivered)
 f - 23 stones
 k - 4 sling bullets
 m - 7 curare-tipped darts
Armour
 b - a +0 leather armour (worn)
 c - a +0 helmet (worn)
 h - a +0 pair of boots (worn)
Wands
 n - a wand of flame (17)
Scrolls
 e - a scroll of fear {unknown}
 g - a scroll of summoning {unknown}
Potions
 l - 2 potions of invisibility {unknown}


   Skills:
 - Level 2.1 Fighting
 * Level 6.7 Short Blades
 - Level 2.1 Throwing
 - Level 3.6 Dodging


You had 3 spell levels left.
You didn't know any spells.
Your spell library was empty.

Dungeon Overview and Level Annotations

Branches:
Dungeon (2/15)

Altars:

Annotations:
D:2 Natasha


Innate Abilities, Weirdness & Mutations

You are small and have problems with some larger weapons.
You are completely attuned to the shadows.


Message History

Found a pair of gloves.
Found a glass wand.
n - a wand of flame (17) Natasha, Servant of Life and Death comes into view.
Natasha moves out of view.
Natasha hisses angrily.
Natasha is nearby!
Natasha howls an incantation.
You feel disoriented. Natasha completely misses you.
You barely miss Natasha. Natasha claws you.
You barely miss Natasha. You hit Natasha.
Natasha is poisoned.
Natasha is lightly wounded.
Natasha misses you.
You hit Natasha.
Natasha looks as sick as possible!
Natasha is moderately wounded.
Natasha claws you.
You hit Natasha.
Natasha is heavily wounded.
Natasha claws you but does no damage.
You hit Natasha.
Natasha is almost dead.
You kill Natasha!
Natasha screams in fury as she dies!
Natasha, Servant of Life and Death comes into view.
She is carrying a wand of flame (19).
Natasha stares at you and mumbles some strange words.
You feel yourself slow down.
Natasha casts a spell.
Natasha stares at you and mumbles some strange words.
The magic dart hits you. Natasha casts a spell at you. The magic dart hits you.
* * * LOW HITPOINT WARNING * * *
Natasha drinks a potion.
Natasha seems to grow stronger.
Natasha casts a spell at you.
The magic dart hits you but does no damage.
Natasha stares at you and mumbles some strange words.
The magic dart hits you!
You die...

.....................#
......#........†.....#
......#..............#
............#
............#
........5.5.#
.##+#..###.# ##h# #.#
#@# #.# #.# #5# #≈#
#.. #≈# ### #≈#


You could see an iron imp (summoned) and Natasha (strong).

Vanquished Creatures
  Natasha (D:2)
  An adder (D:2)
  2 endoplasms (D:1)
  2 giant cockroaches
  8 hobgoblins (D:1)
  5 jackals
  3 quokkas
  4 ball pythons
  2 bats
  2 frilled lizards (D:1)
  A goblin (D:1)
  7 kobolds
  3 rats (D:1)
41 creatures vanquished.

Notes
Turn   | Place    | Note
-------+----------+-------------------------------------------
     0 | D:1      | elagabalus the Kobold Gladiator began the quest for the
                  | Orb.
     0 | D:1      | Reached XP level 1. HP: 12/12 MP: 1/1
   104 | D:1      | Reached XP level 2. HP: 17/17 MP: 2/2
   178 | D:1      | Reached skill level 5 in Short Blades
   296 | D:1      | Reached XP level 3. HP: 21/21 MP: 3/3
   974 | D:2      | Reached skill level 6 in Short Blades
  1020 | D:2      | Reached XP level 4. HP: 26/26 MP: 4/4
  1099 | D:2      | Noticed Natasha
  1119 | D:2      | Killed Natasha
  1127 | D:2      | Noticed Natasha
  1136 | D:2      | Killed from afar by Natasha

Illustrated notes

Levels and vault maps discovered:
D:1:      shiori_shiawase, layout_basic
D:2:      layout_basic, dreamdust_ecumenical_altar_drowned_temple, basic_altar,
          corexii_corridor_pit, minmay_tripent, uniq_jessica, uniq_natasha

Skill      XL: |  1  2  3 |
---------------+----------+-----
Short Blades   | 5 6 |  6.7
Fighting       | |  2.1
Throwing       | |  2.1
Dodging        | |  3.6

Action                   |  1- 3 |  4- 6 || total
-------------------------+-------+-------++-------
Melee: Rapier            |    15 |       ||    15
       Short sword       |    56 |    14 ||    70
 Stab: Sleeping          |    10 |       ||    10
       Distracted        |     1 |       ||     1
Armor: Leather armour    |     9 |     4 ||    13
Dodge: Dodged            |    29 |     8 ||    37

Table legend: (Time is in decaauts)
 A = Elapsed time spent in this place.
 B = Non-inter-level travel time spent in this place.
 C = Inter-level travel time spent in this place.
 D = Time resting spent in this place.
 E = Time spent auto-exploring this place.
 F = Levels seen in this place.
 G = Mean time per level.
                   A        B        C        D        E       F      G
               +--------+--------+--------+--------+--------+-----+--------+
         Total |   1126 |    271 |    855 |      0 |      0 |   2 |  563.0 |
       Dungeon |   1126 |    271 |    855 |      0 |      0 |   2 |  563.0 |
               +--------+--------+--------+--------+--------+-----+--------+

Top non-repeatable levels by time:
     D:1: 898 daAuts
     D:2: 228 daAuts
